 Dungeon Crawl Stone Soup version 0.28.0-53-g5a82cb258f (webtiles) character file.

Game seed: 4282328801298504089

40 ILmort the Chopper (level 3, 27/27 HPs)
             Began as a Hill Orc Fighter on Aug 16, 2022.
             Quit the game on level 2 of the Dungeon.
             The game lasted 00:03:10 (1805 turns).

ILmort the Chopper (Hill Orc Fighter)               Turns: 1805, Time: 00:03:10

Health: 27/27      AC:  6    Str: 20    XL:     3   Next: 50%
Magic:  3/3        EV:  9    Int: 14    God:
Gold:   11         SH:  4    Dex: 10    Spells: 2/2 levels left

rFire   . . .      SeeInvis .   a - +0 war axe
rCold   + . .      Faith    .   c - +0 buckler
rNeg    . . .      Spirit   .   b - +0 scale mail
rPois   .          Reflect  .   (no helmet)
rElec   .          Harm     .   (no cloak)
rCorr   .          Rampage  .   (no gloves)
Will    .....                   (no boots)
Stlth   ..........              (no amulet)
HPRegen 0.09/turn               k - +6 ring of intelligence
MPRegen 0.08/turn               (no ring)

@: no status effects
A: cold resistance 1, frail 1
a: no special abilities


You were on level 2 of the Dungeon.
You visited 1 branch of the dungeon, and saw 2 of its levels.

You collected 123 gold pieces.
You spent 112 gold pieces at shops.

Inventory:

Hand Weapons
 a - a +0 war axe (weapon)
Armour
 b - a +0 scale mail (worn)
 c - a +0 buckler (worn)
Jewellery
 k - a +6 ring of intelligence (left hand)
Scrolls
 i - a scroll of fog {unknown}
 j - 2 scrolls of noise {unknown}
Potions
 d - 2 potions of might
 e - a potion of invisibility {unknown}
 f - a potion of lignification {unknown}
 g - a potion of curing {unknown}
 h - 2 potions of brilliance {unknown}


   Skills:
 - Level 3.6 Fighting
 + Level 5.1 Axes
 - Level 3.2 Armour
 - Level 3.2 Shields


You had 2 spell levels left.
You didn't know any spells.
Your spell library was empty.

Dungeon Overview and Level Annotations

Branches:
Dungeon (2/15)

Altars:

Shops:
D:2 !


Innate Abilities, Weirdness & Mutations

Your flesh is cold resistant. (rC+)
You are frail. (-10% HP)


Message History

You see here an adder corpse.
k - a +6 ring of intelligence You feel clever.
k - a +6 ring of intelligence (left hand)
Found a club.
You see here a +0 ring mail.
Things that are here:
a +0 short sword; 5 stones
There is a stone staircase leading up here.
You see here a ball python corpse.
You see here a jackal corpse.
Found a stone staircase leading up.
There is a stone staircase leading up here.
You now have 118 gold pieces (gained 13).
An endoplasm comes into view.
Found 5 gold pieces.
The endoplasm quivers.
An endoplasm is nearby!
An endoplasm is nearby!
The endoplasm hits you but does no damage.
You slash the endoplasm!
You kill the endoplasm!
You now have 123 gold pieces (gained 5).
You enter the shallow water.
Moving in this stuff is going to be slow.
You enter the shallow water.
Moving in this stuff is going to be slow.
You enter the shallow water.
Moving in this stuff is going to be slow.
You enter the shallow water.
Moving in this stuff is going to be slow.
Found Olixex's Distillery.
There is an entrance to Olixex's Distillery here.
l - a potion of mutation Thank you for shopping at Olixex's Distillery!
Really quaff the potion of mutation?
You feel extremely strange.
You feel frail.
You feel resistant to cold.
Sorry, you're not good enough to have a special ability.
Unknown command.

###.......<.#
#.########≈≈≈≈..# #
#.........# #.# #≈≈≈≈≈≈.. #
#######.### #.# ≈≈≈≈≈≈≈## #
##.## #.# ≈≈≈≈≈.... # #...#
#.### ≈≈≈≈≈.### ####
#...######.#.########## #
...# #................... #
##.#####...#####♣##.#####..
##.#..........♣.@.♣.#
................♣...#
...#...........#.##.#
##.#####...#####. ..# ...#
#..... ..##.. ##.#
#...###### #.## #.# #...#
#.# ######### ##.# ##.##
######.# #.......# ^..#
#.####...##.## ##.#####.#


There were no monsters in sight!

Vanquished Creatures
  An adder (D:2)
  A bat (D:1)
  3 endoplasms (D:2)
  3 giant cockroaches (D:1)
  A hobgoblin (D:2)
  6 jackals
  4 kobolds
  2 quokkas
  3 ball pythons
  2 frilled lizards
  2 rats
28 creatures vanquished.

Vanquished Creatures (others)
  A plant (D:1)
1 creature vanquished.

Grand Total: 29 creatures vanquished

Notes
Turn   | Place    | Note
-------+----------+-------------------------------------------
     0 | D:1      | ILmort the Hill Orc Fighter began the quest for the Orb.
     0 | D:1      | Reached XP level 1. HP: 19/19 MP: 1/1
    39 | D:1      | Reached skill level 3 in Axes
    60 | D:1      | Reached XP level 2. HP: 5/26 MP: 2/2
   566 | D:1      | Reached skill level 4 in Axes
  1363 | D:2      | Reached XP level 3. HP: 29/31 MP: 3/3
  1586 | D:2      | Reached skill level 5 in Axes
  1799 | D:2      | Found Olixex's Distillery.
  1804 | D:2      | Bought a potion of mutation for 112 gold pieces
  1804 | D:2      | Gained mutation: You are frail. (-10% HP) [potion of
                  | mutation]
  1804 | D:2      | Gained mutation: Your flesh is cold resistant. (rC+)
                  | [potion of mutation]
  1805 | D:2      | Quit the game

Illustrated notes

Levels and vault maps discovered:
D:1:      saegor_arrival_under_anarchy, layout_basic, serial_bayou_pond_a
D:2:      layout_loops_cross, serial_shops, nicolae_shop_trees,
          serial_bayou_pond_e, chequers_serial_rivers_large_a, dk_noncrumbling_2

Skill      XL: |  1  2  3 |
---------------+----------+-----
Axes           | 3 4 5 |  5.1
Fighting       | |  3.6
Armour         | |  3.2
Shields        | |  3.2

Action                   || total
-------------------------++-------
Melee: War axe           ||   108
  Use: Potion            ||     1
Armor: Scale mail        ||    79
Dodge: Dodged            ||    76
Block: Buckler           ||    27
